Kath, chaotic female elven Wizard $ ---------- .........| ---------- --------------- |........| |.[......-##########|.............| ##-.......<| |........| #|.............-######### # # ------|--- |.........# #|.............|# # --|-- ### # ----------# #---------.---+-# ### #....| # # ` # ##########################|...| ### # $ * # ### ###|..>| ) $ # ` * ### # #-...-@## $ $ # * # ### |...| # ### # ----- # * # ###### $ # #-.-. ### --|---------- ## #.*.| # |............| $ ---.----- ...| # ###.............| |.......| ^##.-..#####%### |.............############################-.......| # |...%........| |.......| ---|---------- $ $ --------- ^ Kath the Enchantress Experience level: 16 Strength: 25 Dexterity: 18 Constitution: 16 Intelligence: 20 Wisdom: 18 Charisma: 10 Health: 134(134) Energy: 269(269) Def: 44 Gold: 93 Moves: 49594 Dungeon seed: iaTmLnunGl_yjlNR Game ID: Kath_1514499183 Your Inventory: Coins $ - 93 gold pieces Amulets h - the blessed Eye of the Aethiopica Weapons m - the blessed fireproof +2 Magicbane (weapon in hands) Armor n - a blessed greased +4 silver dragon scale mail (being worn) q - a blessed greased thoroughly burnt +4 cloak of magic resistance (being worn) r - an uncursed greased +6 helmet of searching (being worn) z - a blessed +4 pair of high boots of fire immunity (being worn) Y - a blessed rusty corroded +5 pair of gauntlets of power (being worn) Comestibles f - an uncursed tin of male ettin meat w - a blessed eucalyptus leaf Scrolls g - an uncursed scroll of scare monster s - an uncursed scroll of enchant weapon E - 2 cursed scrolls of teleportation Spellbooks x - an uncursed spellbook of confuse monster C - an uncursed spellbook of jumping Potions t - an uncursed potion of fruit juice Rings a - an uncursed ring of teleport control (on right hand) j - an uncursed ring of fire immunity o - an uncursed ring of slow digestion v - an uncursed ring of levitation G - an uncursed ring of poison immunity L - an uncursed ring of slow digestion (on left hand) M - an uncursed ring of conflict Wands i - a blessed wand of fire (0:5) p - an uncursed wand of light (0:11) y - an uncursed wand of cancellation (0:4) B - a blessed wand of digging (0:7) Tools b - a blessed bag of holding e - an uncursed towel k - an uncursed skeleton key l - an uncursed oil lamp (0:1277) u - an uncursed +0 unicorn horn D - an uncursed tin whistle Gems A - a blessed luckstone X - an uncursed obsidian stone Contents of the bag of holding: 6540 gold pieces an uncursed amulet of reflection an uncursed +0 quarterstaff of frost 5 uncursed C-rations 2 uncursed female lizard corpses an uncursed food ration an uncursed fortune cookie 17 uncursed lumps of royal jelly an uncursed tripe ration 3 uncursed scrolls of blank paper a blessed scroll of charging 3 uncursed scrolls of charging a cursed scroll of create monster an uncursed scroll of genocide 3 uncursed scrolls of identify a blessed scroll of magic mapping an uncursed scroll of remove curse an uncursed scroll of scare monster a blessed scroll of teleportation 4 uncursed scrolls of teleportation an uncursed spellbook of identify an uncursed diluted potion of enlightenment an uncursed potion of acid an uncursed potion of extra healing an uncursed potion of full healing a blessed potion of gain level 2 uncursed potions of gain level 9 potions of holy water a blessed potion of invisibility an uncursed ring of conflict an uncursed ring of fire immunity an uncursed ring of free action an uncursed ring of poison immunity an uncursed ring of polymorph control an uncursed ring of shock immunity an uncursed ring of slow digestion an uncursed wand of cold (0:3) an uncursed wand of digging (0:8) an uncursed wand of fire (0:4) an uncursed wand of lightning (0:5) an uncursed wand of sleep (0:3) an uncursed wand of wishing (1:1) an uncursed can of grease (0:19) an uncursed rusty +0 pick-axe Spells and supernatural/magical abilities: Spells marked with '*' are forgotten. Spells marked with '!' are maintained. Spells marked with '#' are aliased with 'castalias'. Name Level Category Fail Memory a - force bolt 1 attack 0% 19% c - cause fear 3 enchantment 0% 97% d - dig 2 matter 0% 62% e - charm monster 3 enchantment 0% 62% f - fireball 4 attack 0% 78% i - invisibility 4 escape 71% 31% j - jumping 1 escape 0% 37% k - knock 1 matter 0% 20% l - light 1 divination 0% 87% m - magic missile 2 attack 0% 22% n - detect monsters 1 divination 0% 65% o - cone of cold 4 attack 0% 78% p - protection 1 clerical 0% 22% q - phase 7 escape 100% 75% u - confuse monster 2 enchantment 0% 41% w - wizard lock 2 matter 0% 22% x - extra healing 3 healing 39% 91% y - astral eyesight 7 divination 100% 87% B - cure blindness 2 healing 0% 61% D - drain life 2 attack 0% 97% H - speed monster 3 escape 39% 36% I - identify 2 divination 0% 94% K - cure sickness 3 healing 39% 28% O - create monster 2 clerical 0% 25% P - polymorph 7 matter 100% 96% U - detect unseen 3 divination 0% 97% W - pray for help -- divine ? -- Your skills at the end: Fighting Skills wands [Basic] Weapon Skills quarterstaff [Expert] Spellcasting Skills attack spells [Expert] divination spells [Basic] enchantment spells [Skilled] matter spells [Basic] Final Attributes: You were immune to fire. You were cold resistant. You were sleep resistant. You were poison resistant. You were magic resistant. You saw invisible. You were telepathic. You were warned. You had automatic searching. You had infravision. You had teleport control. You had slower digestion. You were protected. You had reflection. You were extremely lucky. You had extra luck. Good luck did not time out for you. You last prayed 643 turns ago. You are dead. Vanquished creatures: an arch-lich Medusa Croesus a titan 2 purple worms a gray dragon a red dragon 2 white dragons a black dragon a yellow dragon a minotaur a jabberwock The Dark One 2 baluchitheria 3 demiliches 5 stone golems an Olog-hai 2 Nazgul 2 titanotheres a baby red dragon a guardian naga 5 captains 2 liches a clay golem 7 nurses a lurker above an Aleax 2 frost giants 2 ettins 4 golden nagas 2 black puddings 2 vampires 3 ghosts 8 lieutenants 2 wizards 2 queen bees 3 winged gargoyles a mind flayer 2 giant mimics 2 zruties 2 fire giants an ogre king 17 rock trolls 2 umber hulks 2 flesh golems 2 Elvenkings 3 large mimics 5 wumpuses 3 baby long worms a couatl 9 stalkers 3 earth elementals 3 water elementals 2 hill giants 3 giant mummies 4 black nagas 9 xorns 5 giant zombies an elf-lord 21 sergeants 3 water demons 13 wargs 2 winter wolves 6 small mimics a glass piercer 2 warhorses 14 xans 4 ettin mummies 5 quantum mechanics 40 trolls 3 wood golems 2 mariliths 4 sharks 5 electric eels 4 gelatinous cubes 7 freezing spheres 7 flaming spheres 3 shocking spheres 2 large cats 4 tigers 5 gargoyles a dwarf king 13 tengu 3 ochre jellies 2 energy vortices 2 mountain centaurs 2 elf mummies 2 human mummies 4 red nagas 2 pythons 4 cobras 11 wraiths 2 carnivorous apes 13 ettin zombies 3 leather golems 118 soldiers 2 incubi 6 chameleons 2 crocodiles 9 giant beetles 7 quivering blobs 11 cockatrices 4 wolves 13 winter wolf cubs 3 lynxes 5 panthers 6 gremlins a spotted jelly 5 leprechauns 8 orc-captains 6 iron piercers 2 mumakil 14 giant spiders 5 scorpions 2 horses 3 ice vortices 3 black lights 81 vampire bats 2 forest centaurs 8 gnome kings 7 orc mummies 5 dwarf mummies 4 ogres 4 brown puddings 9 rust monsters 8 owlbears 5 yetis 4 gold golems 3 werewolves a Green-elf 7 piranhas 10 giant eels 9 lizards 4 apprentices 7 chickatrices 5 dingos a housecat 6 jaguars 4 dwarf lords 8 blue jellies 3 white unicorns 9 gray unicorns a black unicorn 6 dust vortices 11 ravens 9 plains centaurs 4 gnome mummies 8 snakes 6 apes 19 human zombies 4 rope golems 5 Woodland-elves 5 soldier ants 6 fire ants 22 bugbears 4 imps 5 quasits 5 wood nymphs 3 water nymphs 4 mountain nymphs 25 Mordor orcs 32 Uruk-hai 4 orc shamans 6 rock piercers 7 rock moles 6 ponies 4 fog clouds 11 yellow lights 5 shriekers 5 violet fungi 29 gnome lords 19 gnomish wizards 4 kobold mummies 2 red naga hatchlings a guardian naga hatchling 8 gray oozes 5 barrow wights 7 elf zombies 6 ghouls a straw golem 5 paper golems 3 jellyfish a baby crocodile 13 giant ants 3 little dogs 10 floating eyes 5 kittens 29 dwarves 14 homunculi 12 kobold lords 7 kobold shamans 45 hill orcs 9 rothes 3 rabid rats 3 centipedes 14 giant bats 6 monkeys 22 orc zombies 10 dwarf zombies a wererat 9 werejackals 15 iguanas 83 killer bees 8 acid blobs 16 coyotes 5 gas spores 8 hobbits 7 manes 4 large kobolds 22 hobgoblins 26 giant rats 15 cave spiders 3 brown molds 9 yellow molds 5 green molds 3 red molds 70 gnomes 47 garter snakes 13 gnome zombies 26 geckos 33 jackals 8 foxes 7 kobolds 10 goblins 20 sewer rats 24 grid bugs 12 bats 22 lichens 11 kobold zombies 38 newts 1939 creatures vanquished. Genocided or extinct species: soldiers (extinct) 1 species extinct. Voluntary challenges: You used a wielded weapon 1121 times, starting on turn 841. You read items or engraved 620 times, starting on turn 222. You never genocided any monsters. You polymorphed 68 items, starting on turn 47196. You never changed form. You used 5 wishes, starting on turn 45442. You did not wish for any artifacts. You never split a pudding. You wrote Elbereth's name 247 times, starting on turn 222. You violated your moral code, losing 653 points of alignment, starting on turn 9683. Dungeon overview: The Dungeons of Doom: levels 1 to 26 Level 1 a vault a long staircase Level 2 an altar to Thoth stairs to The Gnomish Mines Level 3 a vault Level 4 a general store Level 5 Level 6 a vault stairs to Sokoban Level 7 a sink Level 8 a vault Level 9 Level 10 Level 11 (quest + mind flayer?) portal to The Quest Level 12 (check store for id) a temple to Thoth, a sink Level 13 (fountain not magic) Level 14 Level 15 a vault portal to Fort Ludios Level 16 (ftns not magic) a fountain, a vault Level 17 Level 18 Level 19 a vault Level 20 Level 21 <- You were here a vault Level 22 (polytrap!) a vault Level 23 Level 24 Level 25 (juiblex watch out!) a temple to Anhur, a fountain, a vault Level 26 a throne Gehennom: Level 27 stairs to The Dungeons of Doom The Gnomish Mines: levels 3 to 10 Level 3 stairs to The Dungeons of Doom Level 4 Level 5 Level 6 (got 5p) many shops, a temple to Anhur, some fountains Level 7 Level 8 Level 9 Level 10 a fountain The Quest: levels 1 to 5 Level 1 a throne portal to The Dungeons of Doom Level 2 Level 3 Level 4 Level 5 a temple to Ptah Sokoban: levels 2 to 5 Level 2 Level 3 Level 4 Level 5 stairs to The Dungeons of Doom Fort Ludios: Level 1 a throne portal to The Dungeons of Doom History has recorded: On T:1 you entered the Dungeons of Doom to retrieve the Amulet of Yendor! On T:109 you reached level 2 of The Dungeons of Doom. On T:470 you reached level 1 of The Gnomish Mines. On T:564 you reached level 3 of The Dungeons of Doom. On T:918 you reached level 4 of The Dungeons of Doom. On T:936 you reached level 5 of The Dungeons of Doom. On T:1386 you reached level 6 of The Dungeons of Doom. On T:1409 you reached level 7 of The Dungeons of Doom. On T:1483 you reached level 4 of Sokoban. On T:2154 you reached level 3 of Sokoban. On T:3468 you reached level 3 of The Gnomish Mines. On T:3542 you reached level 4 of The Gnomish Mines. On T:5047 you reached level 6 of The Gnomish Mines. On T:5053 you advanced to experience level 2. On T:5060 you advanced to experience level 3. On T:5162 you advanced to experience level 4. On T:5244 you reached level 7 of The Gnomish Mines. On T:5358 you reached level 5 of The Gnomish Mines. On T:5372 you advanced to experience level 5. On T:5658 you advanced to experience level 6. On T:6658 you advanced to experience level 7. On T:6758 you reached level 8 of The Gnomish Mines. On T:7554 you advanced to experience level 8. On T:11696 you received Magicbane from Anhur. On T:14784 you reached level 2 of Sokoban. On T:15455 you reached level 1 of Sokoban. On T:15580 you advanced to experience level 9. On T:17232 you reached level 8 of The Dungeons of Doom. On T:17462 you reached level 9 of The Dungeons of Doom. On T:18097 you reached level 10 of The Dungeons of Doom. On T:18474 you reached level 11 of The Dungeons of Doom. On T:18770 you reached level 12 of The Dungeons of Doom. On T:19040 you reached level 13 of The Dungeons of Doom. On T:19203 you reached level 14 of The Dungeons of Doom. On T:19480 you reached level 15 of The Dungeons of Doom. On T:19680 you reached level 16 of The Dungeons of Doom. On T:24410 you reached level 17 of The Dungeons of Doom. On T:25476 you advanced to experience level 10. On T:25527 you reached level 18 of The Dungeons of Doom. On T:25734 you reached level 19 of The Dungeons of Doom. On T:25873 you reached level 20 of The Dungeons of Doom. On T:26424 you advanced to experience level 11. On T:26632 you reached level 21 of The Dungeons of Doom. On T:26696 you reached level 22 of The Dungeons of Doom. On T:27232 you reached level 23 of The Dungeons of Doom. On T:32830 you advanced to experience level 12. On T:34161 you reached level 1 of The Quest. On T:34171 you advanced to experience level 13. On T:35219 you embarked upon an epic quest. On T:35614 you reached level 2 of The Quest. On T:35937 you reached level 3 of The Quest. On T:36521 you reached level 4 of The Quest. On T:36800 you reached level 5 of The Quest. On T:37350 you advanced to experience level 14. On T:39940 you reached level 24 of The Dungeons of Doom. On T:40696 you reached level 25 of The Dungeons of Doom. On T:41139 you reached The Castle. On T:43087 you reached Fort Ludios. On T:45442 you wished for "2 blessed scrolls of charging". On T:45453 you wished for "blessed greased +2 silver dragon scale mail". On T:45531 you wished for "magic marker". On T:45744 you advanced to experience level 15. On T:46253 you killed Croesus in Fort Ludios. On T:46769 you wished for "2 blessed scrolls of charging". On T:46770 you wished for "magic marker". On T:49353 you reached The Valley of the Dead. On T:49465 you advanced to experience level 16. Score breakdown: Gold: 6633 (13000 points) Experience: 16 levels (21575 points) Exploration: 27 levels ( 56.25%) (22313 points) Discoveries: 145 items ( 50.52%) (21323 points) Valuables value: (no points given unless you survive) Artifact value: 7500 (13181 points) Variety of kills: 230 monsters ( 60.53%) (23339 points) Turncount: 49594 turns (-4744 points) Survival: died (score multiplied by 80%) Total score: 87989 Latest messages: E - 3 cursed scrolls of teleportation. As you read the scroll, it disappears. Something is written here in the dust. You read: "|?e?eth[|bcret? lb???th.lberctnE|?e?e? El?_ ??nE ?ercth lb??etnE|beret?". There are a few objects here. Your lamp is now off. You hit the panther! The panther misses. (3x) You kill the panther! You see here a female panther corpse. (2x) This female panther corpse tastes terrible! You turn into a zombie... Your body rises from the dead as an elf zombie... Final status: Goodbye Kath the Wizard, zombified by a giant zombie... You turned into a zombie in The Dungeons of Doom on dungeon level 21 with 87989 points, and 6633 pieces of gold, after 49594 moves. You were level 16 with a maximum of 134 hit points when you turned into a zombie.